 Dungeon Crawl Stone Soup version 0.31-a0-986-g5e6e4ef867 (webtiles) character file.

Game seed: 18436002770062073833

9925 Newt the Fighter (level 11, -4/97 HPs)
             Began as a Green Draconian Shapeshifter on Nov 10, 2023.
             Was an Elder of Okawaru.
             Killed from afar by a juvenile weirdshock beast (19 damage)
             ... with a living lightning
             ... on level 8 of the Dungeon.
             The game lasted 00:10:38 (8511 turns).

Newt the Fighter (Green Draconian Shapeshifter)     Turns: 8511, Time: 00:10:38

Health: -4/97      AC:  7    Str: 21    XL:     11   Next: 29%
Magic:  11/11      EV: 13    Int: 10    God:    Okawaru [****..]
Gold:   550        SH:  0    Dex: 11    Spells: 9/10 levels left

rFire   + . .        i - +5 scythe "Finisher" {speed, execute}
rCold   . . .        (shield currently unavailable)
rNeg    . . .        (body armour unavailable)
rPois   +            (helmet currently unavailable)
rElec   .            (cloak currently unavailable)
rCorr   .            (gloves currently unavailable)
SInv    .            (boots currently unavailable)
Will    .....        (no amulet)
Stlth   +            A - +4 ring of slaying
HPRegen 0.36/turn    n - ring of protection from fire
MPRegen 0.12/turn

%: no passive effects
@: beast-form
A: beast (slay +4), breathe noxious fumes, AC +7, unfitting armour, poison
resistance, cold-blooded
a: Breathe Noxious Fumes, Begin Untransformation, Renounce Religion, Heroism,
Finesse


You were on level 8 of the Dungeon.
You worshipped Okawaru.
Okawaru was greatly pleased with you.
You were a hulking beast.
You visited 1 branch of the dungeon, and saw 8 of its levels.
You also visited: Bailey.

You collected 550 gold pieces.

Inventory:

Hand Weapons
 f - the +4 dagger "Lenogeig" {pain, rC+ Int+2 Dex-2 SInv}
   (You found it on level 2 of the Dungeon)

   Int+2:     It affects your intelligence (+2).
   Dex-2:     It affects your dexterity (-2).
   rC+:       It protects you from cold.
   SInv:      It lets you see invisible.
 i - the +5 scythe "Finisher" (weapon) {speed, execute}
   (You found it on level 5 of the Dungeon)
 k - a +1 club
 v - a +4 hand axe
Missiles
 y - 2 throwing nets
 C - 5 silver javelins
Armour
 o - a +2 hat
 q - an orb of mayhem
 z - a +0 kite shield
Magical Staves
 j - the staff of the Jester {Drain rF+++ rC+ Str+2 Conj}
   (You found it on level 5 of the Dungeon)

   [staff of conjuration]

   Base accuracy: +5 Base damage: 5 Base attack delay: 1.2 This weapon's minimum
   attack delay (0.6) is reached at skill level 12.
   Str+2:     It affects your strength (+2).
   rF+++:     It renders you almost immune to fire.
   rC+:       It protects you from cold.
   Drain:     It drains your maximum health when unequipped.
   Conj:      It increases the power of your Conjurations spells.
   It falls into the 'Staves' category.
   It is a one-handed weapon.
Jewellery
 d - the ring of the Mage {Wiz Archmagi}
   (You found it on level 4 of the Dungeon)

   [ring of wizardry]

   Wiz:       It improves your spell success rate.
   Archmagi:  It increases the power of your magical spells.
 n - a ring of protection from fire (right hand)
 x - a ring of fire
 A - a +4 ring of slaying (left hand)
Talismans
 b - a beast talisman
 c - a flux talisman
Wands
 B - a wand of polymorph (14)
 D - a wand of digging (5)
 F - a wand of mindburst (12)
Scrolls
 r - a scroll of amnesia
 w - 2 scrolls of teleportation
 E - a scroll of silence {unknown}
Potions
 a - 3 potions of lignification
 e - 6 potions of haste
 g - a potion of ambrosia
 h - a potion of curing
 l - 3 potions of enlightenment
 m - 3 potions of attraction
 p - 4 potions of resistance
 s - 2 potions of degeneration {unknown}
 t - 3 potions of brilliance
 u - 3 potions of invisibility
 G - 2 potions of mutation {unknown}
 H - 3 potions of cancellation {unknown}


   Skills:
 - Level 9.3 Fighting
 - Level 5.0(7.4) Axes
 - Level 8.6(9.3) Polearms
 + Level 5.3 Dodging
 - Level 3.0 Unarmed Combat
 - Level 8.6 Evocations
 - Level 7.0 Shapeshifting


You had 9 spell levels left.
You knew the following spells:

 Your Spells              Type           Power      Damage    Failure   Level
a - Necrotise             Necr           0%         1d4       36%         1

Your spell library contained the following spells:

 Spells                   Type           Power      Damage    Failure   Level
 Slow                     Hex            0%         N/A       36%         1
 Confusing Touch          Hex            0%         N/A       75%         3
 Sigil of Binding         Hex            0%         N/A       75%         3
 Vampiric Draining        Necr           0%         2d6       75%         3
 Agony                    Necr           0%         N/A       100%        5


Dungeon Overview and Level Annotations

Branches:
Dungeon (8/15)             Temple (0/1) D:5          Bailey (visited)
   Lair: D:8-11

Altars:
Fedhas
Gozag
Hepliaklqana
Makhleb
Nemelex Xobeh
Okawaru
Qazlal
Trog
Vehumet
Xom

Shops:
D:1 [   D:3 =

Annotations:
D:5 2 runed translucent doors


Innate Abilities, Weirdness & Mutations

You are a hulking beast.
Your limbs bulge with bestial killing power. (Slay +4)
You can breathe blasts of noxious fumes.
Your lurid green scales are hard. (AC +7)
You cannot fit into any form of body armour.
Your system is resistant to poisons. (rPois)
You are cold-blooded and may be slowed by cold attacks.


Message History

You kill the larval batsting beast!
Okawaru accepts your kill.
You reach to attack!
You hit the kobold but do no damage. You impale the kobold!!
You kill the kobold!
The kobold throws a poisoned dart.
The poisoned dart barely misses you.
You reach to attack!
You impale the kobold!!
You kill the kobold!
You reach to attack!
You completely miss the juvenile weirdshock beast.
You hit the juvenile weirdshock beast.
The juvenile weirdshock beast is lightly wounded.
The juvenile weirdshock beast completely misses you.
The juvenile weirdshock beast grabs you.
The juvenile weirdshock beast constricts you!
You impale the juvenile weirdshock beast!!
You tail-slap the juvenile weirdshock beast.
The juvenile weirdshock beast is heavily wounded.
The juvenile weirdshock beast hits you!
The juvenile weirdshock beast constricts you.
You hit the juvenile weirdshock beast.
The juvenile weirdshock beast is heavily wounded.
The juvenile weirdshock beast bursts into living lightning!
The living lightning hits you!!
* * * LOW HITPOINT WARNING * * *
The juvenile weirdshock beast blinks!
The juvenile weirdshock beast loses its grip on you.
The kobold brigand throws a curare-tipped dart.
The curare-tipped dart hits you.
Unknown command.
The kobold brigand throws a curare-tipped dart.
The curare-tipped dart closely misses you.
Reach: i) +5 scythe "Finisher" {speed, execute}
Press: ? - help, Dir - move target, f/p - juvenile weirdshock beast
Aim: a juvenile weirdshock beast (heavily wounded, about 15% to evade the +5 scythe "Finisher")
You reach to attack!
You hit the juvenile weirdshock beast.
The juvenile weirdshock beast is heavily wounded.
The juvenile weirdshock beast bursts into living lightning!
The living lightning hits you!!
You die...

*,* *, #######+## *,
#........#********, ***
#........##,,,,,,,, ..#
#.........#*******, ..#
****#KK...#,,** **, ..##
#)##......#**,, ...#
#######K#,..K#§..,,,, ...#
###.H.h.§##,..K.K,#,,,, ...#
##...######*,.#...K.,,,* ...#
###..### **,,...HH..*,,*
)..#####...##******,,,..,.HK.,,,,
...#.....### *,,,,,,,*..,....,,,,
.....##### *,,,,,,,,,,,,,,,*,**
##.#######****,,,,,,,,,,,,,,,,,*
..>.......,,,,,,,***,,,,,,,,,,,**
##.######.,,,,,,,***,,,*,,,,,,,**


You could see a juvenile weirdshock beast and a kobold brigand.

Vanquished Creatures
  Pikel (D:7)
  An orc knight (Bailey)
  Jeremiah (D:7)
  A troll (D:5)
  2 wyverns (D:5)
  An acid dragon (D:5)
  2 ice beasts
  3 ogres
  2 black bears
  A centaur (D:6)
  2 lemures (D:7)
  2 phantoms (D:6)
  3 bullfrogs
  2 gnoll sergeants
  A scorpion (D:4)
  4 wights
  18 killer bees
  Crazy Yiuf (D:7)
  3 orc priests
  2 hounds (D:5)
  A jelly (D:6)
  3 sleepcaps
  Natasha (D:2)
  9 orc wizards
  2 mutant beasts (D:8)
  23 gnolls
  11 adders
  2 shadow imps
  A white imp (D:6)
  4 ufetubi
  4 worms
  9 dart slugs
  34 orcs
  A bat skeleton (D:2)
  7 endoplasms
  2 giant cockroaches (D:1)
  10 goblins
  7 hobgoblins
  9 jackals
  6 quokkas
  6 ball pythons
  2 ball python simulacra (D:2)
  A ball python skeleton (D:2)
  3 bats
  5 frilled lizards
  A jackal zombie (D:2)
  9 kobolds
  A quokka skeleton (D:2)
  5 rats
232 creatures vanquished.

Notes
Turn   | Place    | Note
-------+----------+-------------------------------------------
     0 | D:1      | Newt the Draconian Shapeshifter began the quest for the
                  | Orb.
     0 | D:1      | Reached XP level 1. HP: 16/16 MP: 1/1
    67 | D:1      | Reached skill level 2 in Fighting
   152 | D:1      | Reached XP level 2. HP: 19/25 MP: 2/2
   196 | D:1      | Found Bacuis's Antique Armour Shop.
   459 | D:1      | Reached skill level 3 in Fighting
   772 | D:2      | Reached XP level 3. HP: 29/31 MP: 3/3
   860 | D:2      | Reached skill level 4 in Fighting
   982 | D:2      | Found a burning altar of Makhleb.
  1018 | D:2      | Reached XP level 4. HP: 38/40 MP: 4/4
  1324 | D:2      | Noticed Natasha
  1337 | D:2      | Killed Natasha
  1504 | D:2      | Identified the +4 dagger "Lenogeig" {pain, rC+ Int+2 Dex-2
                  | SInv}
  1840 | D:3      | Reached XP level 5. HP: 42/46 MP: 5/5
  1946 | D:3      | Noticed an ice beast
  1963 | D:3      | Killed an ice beast
  1964 | D:3      | Reached skill level 5 in Shapeshifting
  2027 | D:3      | Reached XP level 6. HP: 28/52 MP: 6/6
  2200 | D:3      | Found an iron altar of Okawaru.
  2222 | D:3      | Became a worshipper of Warmaster Okawaru
  2556 | D:3      | Found Kapeit's Jewellery Boutique.
  3546 | D:4      | Found the ring of the Mage {Wiz Archmagi}
  3590 | D:4      | Learned a level 1 spell: Necrotise
  3840 | D:4      | Your scales start taking on a lurid green colour.
  3840 | D:4      | Reached XP level 7. HP: 46/59 MP: 7/7
  3840 | D:4      | Gained mutation: Your system is resistant to poisons.
                  | (rPois) [Green Draconian growth]
  3948 | D:4      | Found an opulent altar of Gozag.
  3949 | D:4      | Found a sparkling altar of Nemelex Xobeh.
  3951 | D:4      | Found a stormy altar of Qazlal.
  3951 | D:4      | Found a radiant altar of Vehumet.
  3994 | D:4      | Found a hazy altar of Hepliaklqana.
  4317 | D:5      | Entered Level 5 of the Dungeon
  4317 | D:5      | Found a staircase to the Ecumenical Temple.
  4345 | D:5      | Reached skill level 1 in Axes
  4445 | D:5      | Reached * piety under Okawaru
  4453 | D:5      | Found a shimmering altar of Xom.
  4466 | D:5      | Found a bloodstained altar of Trog.
  4548 | D:5      | Found a large runed translucent door.
  4548 | D:5      | Found a large runed translucent door.
  4565 | D:5      | Noticed a wyvern
  4569 | D:5      | Killed a wyvern
  4570 | D:5      | Reached skill level 5 in Axes
  4570 | D:5      | Reached XP level 8. HP: 60/66 MP: 8/8
  4613 | D:5      | Noticed a troll
  4614 | D:5      | Found the +5 scythe "Finisher" {speed, execute}
  4642 | D:5      | Found a large runed translucent door.
  4642 | D:5      | Found a large runed translucent door.
  4664 | D:5      | Killed a troll
  4664 | D:5      | Reached ** piety under Okawaru
  4665 | D:5      | Reached skill level 5 in Dodging
  4678 | D:5      | Identified the staff of the Jester {Drain rF+++ rC+ Str+2
                  | Conj}
  4845 | D:5      | Reached skill level 5 in Fighting
  4857 | D:5      | Reached skill level 6 in Fighting
  4905 | D:5      | Identified the staff "Mawnuov" {rElec Dex+4 SInv Air}
  5572 | D:6      | Reached XP level 9. HP: 78/78 MP: 9/9
  5583 | D:6      | Reached skill level 7 in Fighting
  5715 | D:6      | Reached skill level 1 in Polearms
  5715 | D:6      | Reached skill level 1 in Evocations
  5796 | D:6      | Reached *** piety under Okawaru
  6669 | D:7      | Found a blossoming altar of Fedhas.
  6716 | D:7      | Noticed Jeremiah
  6848 | D:7      | Killed Jeremiah
  7124 | D:7      | Reached skill level 5 in Polearms
  7124 | D:7      | Reached skill level 5 in Evocations
  7387 | D:7      | Noticed Pikel
  7407 | D:7      | Killed Pikel
  7407 | D:7      | Reached **** piety under Okawaru
  7408 | D:7      | Reached XP level 10. HP: 70/86 MP: 10/10
  7698 | D:7      | Found a runed translucent door.
  7699 | D:7      | Noticed Crazy Yiuf
  7808 | D:7      | Killed Crazy Yiuf
  7908 | D:8      | Found a flagged portal.
  7925 | Bailey   | Entered a bailey
  8086 | Bailey   | Noticed an orc knight
  8094 | Bailey   | Killed an orc knight
  8160 | Bailey   | Reached skill level 9 in Fighting
  8160 | Bailey   | Reached XP level 11. HP: 52/97 MP: 11/11
  8488 | D:8      | Noticed a juvenile weirdshock beast
  8511 | D:8      | Killed from afar by a juvenile weirdshock beast

Illustrated notes

Levels and vault maps discovered:
D:1:      dpeg_arrival_tiny_a, layout_loops_ring, serial_shops, shop
D:2:      layout_basic, basic_altar, dilly_guarded_unrand_morg
D:3:      layout_basic, okawaru_trees_1, serial_shops,
          nicolae_shop_behind_doors, dk_vineyard_2, hex_large,
          minmay_fractal_squares_5
D:4:      layout_basic, mainiacjoe_overflow_24_doors,
          chequers_temple_overflow_statue_of_worship, minmay_misc_feat_columns,
          supply_closet_lemuel, nicolae_elevator_lobby_plus
D:5:      layout_gridville, bloody_trog, lemuel_tele_altar,
          minmay_temple_entry_proselytizer, minmay_hollow_rounded_squares
D:6:      layout_basic
D:7:      layout_rooms, amcnicky_altar_gilded, chequers_serial_rivers_small_3,
          uniq_pikel, uniq_crazy_yiuf_cottage, uniq_jeremiah
D:8:      layout_basic, nicolae_dithmenos_through_a_glass_darkly,
          enter_bailey_6, nicolae_beast_mode

Skill      XL: |  1  2  3  4  5  6  7  8  9 10 |
---------------+-------------------------------+-----
Fighting       | 2 3 4 6 7 9 |  9.3
Shapeshifting  | 4 5 6 7 |  7.0
Axes           | 5 |  5.0
Dodging        | 2 5 |  5.3
Polearms       | 5 8 |  8.6
Evocations     | 5 8 |  8.6
Unarmed Combat | |  3.0

Action                     |  1- 3 |  4- 6 |  7- 9 | 10-12 || total
---------------------------+-------+-------+-------+-------++-------
  Melee: Unarmed           |    45 |       |       |       ||    45
         Tailslap          |     7 |    23 |    17 |     4 ||    51
         Club              |    42 |    46 |       |       ||    88
         Punch             |     2 |     7 |     3 |       ||    12
         Dagger            |       |   191 |    16 |       ||   207
         Hand axe          |       |       |    54 |       ||    54
         Scythe            |       |       |   140 |    85 ||   225
   Cast: Necrotise         |       |       |     1 |       ||     1
  Evoke: Wand              |       |       |       |     2 ||     2
    Use: Scroll            |     4 |     7 |     7 |     1 ||    19
         Potion            |       |       |     9 |     1 ||    10
   Stab: Sleeping          |     1 |       |     1 |     4 ||     6
         Distracted        |       |     1 |       |       ||     1
         Invisible         |       |       |     3 |       ||     3
 Armour: Skin              |    42 |   166 |   147 |    38 ||   393
  Dodge: Dodged            |    50 |   159 |   149 |    44 ||   402

Table legend: (Time is in decaauts)
 A = Elapsed time spent in this place.
 B = Non-inter-level travel time spent in this place.
 C = Inter-level travel time spent in this place.
 D = Time resting spent in this place.
 E = Time spent auto-exploring this place.
 F = Levels seen in this place.
 G = Mean time per level.
                   A        B        C        D        E       F      G
               +--------+--------+--------+--------+--------+-----+--------+
         Total |   8540 |   8225 |    315 |   1321 |   5519 |   9 |  948.9 |
       Dungeon |   8043 |   7728 |    315 |   1278 |   5140 |   8 | 1005.4 |
        Bailey |    497 |    497 |      0 |     43 |    379 |   1 |  497.0 |
               +--------+--------+--------+--------+--------+-----+--------+

Top non-repeatable levels by time:
     D:3: 1499 daAuts
     D:6: 1398 daAuts
     D:2: 1153 daAuts
     D:5: 1123 daAuts
     D:7: 1018 daAuts
     D:4: 1014 daAuts
     D:1: 673 daAuts
  Bailey: 497 daAuts
     D:8: 161 daAuts
